Unix NetHack Version 5.0.0-0 post-release - last build Jun 10 2026 00:39:30 (3ee93aec679c4c4259841fe613dc97188e26a321,branch:main).

Game began 2026-06-28 12:14:24, ended 2026-06-28 13:59:17.

Kwijibo4686, neutral female human Valkyrie

                          --
                     -----.--           ----    ------------------
        ----         |......|          --..--   |.....|-.....--..|
        |..--  -------......|          |....-----.....|..........|
        |...----...|..<.....|         --.......%....|..........---
         -...|......@Y.....--         |.......---------.).)..)-|----
         |...|.-->..--....--          |.....---       ---......--..--
     -----.....|--..-|)..--           --....|           ---.........--
     |.....|.-----...-----             |....--            --.........|
   ---....-|.%---.....|                |.....|             #-..(.....|--------
   |...|.----*....(.%##)####%         ##.#..#-              #........--..--..--
   |..---- ----......----.|  #       --..#--#               |.....`*..........|
   |..|-----.|.C...|..|-.--   #--    |...|                  |.|..............--
   ---|..--...-....|-.|..|   #-.#---#--.-|                  %.|--............--
      |........^...||....--  |.........#.--                #|.| |.............|
      |...........--|.-...-----(%-----....|                --.| |....-------.--
      --.|..--..--- |..............| ------               -#..| --...|     ---
       ----------   ----.-----.....|                      |...- --..--
                       ---   |....--                      |....||..--
                             ---..|                       ---.--|.--
                               ----                         --- ---
Kwijibo4686 the Fighter     St:18/02 Dx:12 Co:18 In:9 Wi:7 Ch:11  Neutral
Dlvl:10 $:82 HP:0(67) Pw:16(16) AC:-2 Xp:8 T:4415  Satiated

Latest messages:
 The 2nd crossbow bolt misses you.
 You see here a crossbow bolt.
 The gnome lord shoots 2 crossbow bolts!
 You are hit by the 1st crossbow bolt.
 You are hit by the 2nd crossbow bolt.
 The gnome lord wields 4 daggers!
 You hit the gnome lord!
 The gnome lord thrusts one of his daggers.
 The gnome lord hits!
 You hit the gnome lord!
 The gnome lord turns to flee.
 You kill the gnome lord!
 There are several objects here.
 p - a tin.
 There is a gnome lord corpse here; eat it? [ynq] (n) y
 This gnome lord corpse is tough.
 You finish eating the gnome lord corpse.
 You hit the yeti!
 The yeti hits!
 The yeti hits again!
 The yeti bites!
 The yeti hits!
 The yeti hits again!
 The yeti bites!
 You hit the yeti!
 The yeti hits!
 The yeti hits again!
 The yeti bites!
 You kill the yeti!
 q - a scroll labeled GARVEN DEH.
 You see here a yeti corpse.
 You hit the owlbear!
 The owlbear misses!
 The owlbear hits!
 You hit the owlbear!
 You hit the owlbear!
 The owlbear hits!
 The owlbear hits again!
 You kill the owlbear!
 You see here an owlbear corpse.
 The owlbear hits!
 The owlbear hits again!
 You hit the owlbear!
 The owlbear misses!
 The owlbear misses!
 You hit the owlbear!
 The owlbear hits!
 The owlbear hits again!
 You die...
 Do you want your possessions identified? [ynq] (y) q

Inventory:
 Coins    ('$')
  $ - 82 gold pieces
 Weapons  (')')
  n - a cursed +0 crossbow bolt
  i - a +1 spear (weapon in right hand)
 Armor    ('[')
  g - an uncursed rusty +0 helm of telepathy (being worn)
  r - an uncursed +0 pair of iron shoes (being worn)
  c - an uncursed +3 small shield (being worn)
  o - an uncursed +0 cloak of displacement
  v - an uncursed +0 dwarvish mithril-coat (being worn)
 Comestibles  ('%')
  k - an uncursed food ration
  J - an uncursed pancake
  Y - an uncursed tripe ration
  p - an uncursed rotten tin of snake meat
  d - an uncursed lichen corpse
 Scrolls  ('?')
  j - an uncursed scroll of genocide
  q - an uncursed scroll of punishment
  I - 2 uncursed scrolls of teleportation
 Potions  ('!')
  l - a blessed potion of gain energy
  m - an uncursed potion of gain level
  H - an uncursed potion of sleeping
  F - an uncursed potion of water
 Rings    ('=')
  b - an uncursed ring of see invisible
 Wands    ('/')
  T - a wand of digging (0:4)
  f - a wand of fire (0:5)
  Q - a wand of fire (0:2)
  P - a cursed wand of magic missile (0:5)
  O - a cursed wand of magic missile (0:0)
  t - a blessed wand of striking (0:4)
 Tools    ('(')
  a - an uncursed sack containing 7 items
  L - a cursed magic whistle
  G - an uncursed oil lamp
  N - a +0 pick-axe
  B - an uncursed skeleton key
  U - a +0 unicorn horn
 Gems/Stones  ('*')
  h - an uncursed touchstone

Contents of the sack:
  479 gold pieces
  2 uncursed slime molds
  an uncursed eucalyptus leaf
  5 uncursed food rations
  an uncursed fortune cookie
  an uncursed lembas wafer
  an uncursed lichen corpse

Kwijibo4686 the Valkyrie's attributes:

Background:
 You were a Fighter, a level 8 human Valkyrie.
 You were neutral, on a mission for Odin
 who was opposed by Tyr (lawful) and Loki (chaotic).
 You were right-handed.
 You were in the Gnomish Mines, on level 10.
 You entered the dungeon 4415 turns ago.
 You had 1920 experience points, 640 more were needed to attain level 9.

Basics:
 You had 0 out of 67 hit points.
 You had all 16 energy points (spell power).
 Your armor class was -2.
 Your wallet contained 82 zorkmids, and
 you had 479 more stashed away in your pack.
 Autopickup was on for '$?!/="' plus thrown.

Final Characteristics:
 Your strength was 18/02 (limit:18/100).
 Your dexterity was 12 (limit:18).
 Your constitution was 18 (limit:18).
 Your intelligence was 9 (limit:18).
 Your wisdom was 7 (limit:18).
 Your charisma was 11 (limit:18).

Final Status:
 You were satiated.
 You were unencumbered.
 You were wielding a spear.
 You had expert skill with spear.

Final Attributes:
 You were piously aligned.
 You were cold resistant.
 You were telepathic.
 You were stealthy.
 You were guarded.
 You were fast.
 You are dead.

Miscellaneous:
 You encountered 1 bones level.
 Total elapsed playing time was 41 minutes.

Major events:
 Turn
    1: Kwijibo4686 the neutral human Valkyrie entered the dungeon
 1016: attained the rank of Skirmisher (level 3)
 1215: entered the Gnomish Mines
 1729: attained the rank of Fighter (level 6)
 2176: reached Mine Town
 2461: found Magicbane on the floor
 4415: killed by an owlbear

You didn't know any spells.

Skills:
 Fighting Skills
   bare handed combat [Unskilled]
   two weapon combat  [Unskilled]
   riding             [Unskilled]
 Weapon Skills
   dagger             [Basic]
   axe                [Unskilled]
   pick-axe           [Unskilled]
   short sword        [Unskilled]
   broadsword         [Unskilled]
   long sword         [Unskilled]
   two-handed sword   [Unskilled]
   saber              [Unskilled]
   hammer             [Unskilled]
   quarterstaff       [Unskilled]
   polearms           [Unskilled]
   spear              [Expert]
   trident            [Unskilled]
   lance              [Unskilled]
   sling              [Unskilled]
 Spellcasting Skills
   attack spells      [Unskilled]
   escape spells      [Unskilled]

Voluntary challenges:
 Character rerolling was not enabled.
 You never genocided any monsters.
 You never polymorphed an object.
 You never changed form.
 You used no wishes.
Achievements:
 You attained the rank of Skirmisher.
 You entered the Gnomish Mines.
 You attained the rank of Fighter.
 You entered Minetown.
 You entered a temple.
 You entered a shop.

 The Dungeons of Doom: levels 1 to 4
    Level 1:
    Level 2:
       An altar to Odin.
    Level 3:
       Some fountains.
       Stairs down to The Gnomish Mines.
    Level 4:
       An armor shop, a fountain.
 The Gnomish Mines: levels 4 to 10
    Level 4:
    Level 5:
    Level 6:
    Level 7:
       Many shops, a temple and an altar, some fountains, a grave, some trees.
       Final resting place for
          Pneumatic-Wiz-Elf-Fem-Cha, killed by a wolf.
    Level 8:
    Level 9:
    Level 10: <- You were here.
       Final resting place for
          you, killed by an owlbear.


Vanquished creatures:
  a ghost
  a small mimic
  a tiger
  a dwarf ruler
  a leather golem
  a wolf
  a giant spider
  a gnome ruler
 an owlbear
  3 yetis
  a lizard
  a jaguar
  a white unicorn
  2 black unicorns
  a mountain nymph
  5 Uruk-hai
  2 rock piercers
  3 rock moles
  a yellow light
 14 gnome leaders
  a gnomish wizard
  a kobold mummy
  2 giant ants
  a floating eye
 14 dwarves
  4 homunculi
  a kobold leader
  a giant bat
  4 dwarf zombies
  a wererat
 an acid blob
  2 hobbits
  a large kobold
  3 hobgoblins
  a cave spider
  a brown mold
 47 gnomes
  a gecko
  9 jackals
  2 foxes
  a kobold
  3 goblins
  a sewer rat
  9 grid bugs
  3 lichens
  a kobold zombie
  4 newts
163 creatures vanquished.

No species were genocided or became extinct.

Game over:
                       ----------
                      /          \
                     /    REST    \
                    /      IN      \
                   /     PEACE      \
                  /                  \
                  |   Kwijibo4686    |
                  |      561 Au      |
                  |   killed by an   |
                  |     owlbear      |
                  |                  |
                  |                  |
                  |       2026       |
                 *|     *  *  *      | *
        _________)/\\_//(\/(/\)/\//\/|_)_______

Farvel Kwijibo4686 the Valkyrie...

You died in The Gnomish Mines on dungeon level 10 with 8655 points,
and 561 pieces of gold, after 4415 moves.
You were level 8 with a maximum of 67 hit points when you died.

